[Event "Match/Team URS-World 20,5-19,5"]
[Site "Belgrade"]
[Date "1970.03.29"]
[Round "1.8"]
[White "Matulovic, Milan"]
[Black "Botvinnik, Mikhail"]
[Result "0-1"]
[ECO "B06"]
[WhiteElo "2560"]
[BlackElo "2640"]
[Annotator "Botvinnik/Matulovic"]
[PlyCount "92"]
[EventDate "1970.03.29"]
[EventType "team"]
[EventRounds "4"]
[EventCountry "YUG"]
[SourceTitle "MCL"]
[Source "ChessBase"]
[SourceDate "1999.07.01"]
[SourceVersion "1"]
[SourceVersionDate "1999.07.01"]
[SourceQuality "1"]
[WhiteTeam "World"]
[BlackTeam "Soviet Union"]
[BlackTeamCountry "URS"]
[TimeControl "40/9000:16/5400:0"]

1. e4 g6 2. d4 Bg7 3. Nf3 d6 4. Bc4 Nf6 5. Qe2 c6 6. Bb3 O-O 7. Bg5 (7. O-O d5
8. e5 Ne8 9. c3 Nc7 10. Ne1 b6 11. Be3 Ba6 12. Nd3 c5 13. Bc2 Nc6 14. Rc1 cxd4
15. cxd4 f6 16. Qd2 fxe5 17. Nxe5 Nxe5 18. dxe5 Bxe5 19. Bb3 e6 20. Bh6 Rf5 21.
g3 Qf6 {0-1 (21) Pirc,V-Uhlmann,W Marianske Lazne 1965}) 7... h6 $146 (7... e5
8. dxe5 dxe5 9. Nbd2 Qc7 10. Nc4 a5 11. a4 Nh5 12. O-O Na6 13. Qe3 Bg4 14. h3
Bxf3 15. Qxf3 Nc5 16. Be3 Ne6 17. c3 Qe7 18. Rfd1 Nhf4 19. Bb6 Bh6 20. Kh1 Qf6
21. Rd6 Ra6 22. Rad1 Nh5 23. Qxf6 Nxf6 24. f3 Rfa8 25. Be3 Bf4 26. Bf2 Ne8 27.
Rd7 b5 28. Nd6 Nxd6 29. R1xd6 bxa4 30. Bc4 Bc1 31. Bxa6 Rxa6 32. Rb7 a3 33.
bxa3 Bxa3 34. Rdd7 Bc5 35. Bxc5 Nxc5 36. Ra7 Rxa7 37. Rxa7 {Matulovic,
M-Huebner,R Athens 1969 1-0}) 8. Bh4 e5 9. dxe5 dxe5 10. Nbd2 (10. Nxe5 $4 Qa5+
{Botvinnik=:B}) 10... Qc7 11. Nc4 Nh5 12. Bg3 $8 {Matulovic=:M} (12. O-O-O Nf4
13. Qf1 Bg4 {M}) 12... Nf4 $1 {M} (12... Bg4 13. Bxe5 $1 Bxe5 14. Ncxe5 Nf4 15.
Qd2 $16 {B}) (12... Nxg3 $2 13. hxg3 b5 14. Ne3 {/\ 15.0-0-0, 16.g4-> M}) 13.
Bxf4 exf4 14. O-O-O $6 {M} (14. e5 $142 Bg4 15. Qe4 Bxf3 16. gxf3 {M}) 14...
Bg4 15. e5 (15. h3 Bxf3 16. Qxf3 Nd7 17. Nd6 Ne5 18. Qxf4 Rfd8 $19 {B}) 15...
Nd7 16. Qe4 Rad8 $1 {M} (16... Bxf3 17. gxf3 Nxe5 18. Nxe5 Qxe5 19. Qxe5 Bxe5
20. Rd7 $1 {B}) 17. Qxf4 Bxf3 18. Qxf3 b5 19. Ne3 Nxe5 20. Qg3 a5 21. a3 Kh7
22. Ng4 $2 {M/B} (22. f4 $1 {M} Nd7 23. f5 $1 {B} Be5 24. Qf3 Bf4 25. Kb1 $10 {
M}) 22... h5 23. Nxe5 Bxe5 $17 {M} 24. Qf3 Kg7 25. Rhe1 (25. Rxd8 $142 Rxd8 26.
Rd1 {M}) 25... Bf6 26. c3 c5 (26... Qxh2 27. Qxc6 {B} (27. g3)) 27. Rxd8 Rxd8
28. g3 (28. h3 $142 {B}) 28... c4 29. Bc2 b4 30. axb4 axb4 31. cxb4 Qb6 (31...
Qa7 $1 32. Kb1 (32. Qa3 Qxf2) 32... Ra8 (32... Qd4 33. Qc3 Qxf2 34. Qe3 Qxh2
$19 {M} (34... Rd1+ $145 $1 $19)) 33. Qa3 Qd4 $1 (33... Qxf2 34. Qe3 Qxh2 $19 {
B}) 34. Qc3 (34. Rd1 $1 Qe5 35. f4 {B}) 34... Qxc3 $18 {M}) 32. Rd1 Qxb4 $2 (
32... Re8 $1 33. Rd7 (33. Qa3 $8 Qxf2) 33... Qxb4 34. Qd5 Re1+ 35. Qd1 Qxb2+
36. Kd2 Bc3# {B}) 33. Rxd8 Qxb2+ 34. Kd1 Bxd8 35. Qd5 Qf6 36. Ke2 $2 {M/B} (36.
f4 $1 {M} c3 (36... Qa1+ 37. Ke2 Bf6 38. Qxc4 Qg1 39. Bb3 {B}) 37. Bb3 $10 {M})
36... Bb6 (36... Qc3 $2 37. Bxg6 $1 {B}) 37. f4 Qc3 38. Qe4 Bd4 (38... Bg1 $1
39. f5 gxf5 40. Qxf5 Qe3+ 41. Kf1 Bxh2 $19 {B}) 39. f5 $2 $19 {M/B} (39. Kf1 $1
{M/B} Qa1+ 40. Kg2 Qg1+ 41. Kh3 Qf1+ 42. Qg2 $17 {B}) 39... gxf5 40. Qxf5 Qe3+
41. Kf1 (41. Kd1 Bc3 $19 {B}) 41... Qg1+ 42. Ke2 Qxh2+ 43. Kd1 Qg1+ 44. Ke2
Qe3+ 45. Kf1 (45. Kd1 Bc3 $19 {B}) 45... Qxg3 46. Qh7+ Kf8 0-1

[Event "EU-ch 12th"]
[Site "Aix les Bains"]
[Date "2011.03.28"]
[Round "7"]
[White "Stevic, Hrvoje"]
[Black "Nepomniachtchi, Ian"]
[Result "0-1"]
[ECO "B06"]
[WhiteElo "2611"]
[BlackElo "2729"]
[Annotator "Marchand,A/Primel,D"]
[PlyCount "104"]
[EventDate "2011.03.22"]
[EventType "swiss"]
[EventRounds "11"]
[EventCountry "FRA"]
[SourceTitle "CBM 142 Extra"]
[Source "ChessBase"]
[SourceDate "2011.06.27"]
[SourceVersion "1"]
[SourceVersionDate "2011.06.27"]
[SourceQuality "1"]
[TimeControl "40/5400+30:1800+30"]

1. e4 g6 2. d4 Bg7 3. Nc3 d6 4. Nf3 a6 5. Be2 b5 6. a4 b4 7. Nd5 a5 8. c3 e6 9.
Ne3 Ne7 $146 ({RR} 9... Bb7 10. Qc2 Nf6 11. e5 Nd5 12. Ng4 h6 13. c4 Ne7 14.
O-O Nd7 15. Bf4 Nf5 16. Rad1 g5 17. Bc1 dxe5 18. d5 Qe7 19. Bd3 Nd4 20. Nxd4
exd4 21. dxe6 fxe6 22. Bg6+ Kd8 23. f4 h5 24. Nf2 {Fressinet,L (2501)-Vaisman,
V (2385)/Cannes 2000/CBM 076/1-0 (34)}) 10. O-O Bb7 11. e5 (11. Qc2 $5 O-O 12. Rd1 Nd7 (12... c5 13. dxc5) 13. Ng4 f5 14. Ng5 $1 fxg4
15. Nxe6 Qc8 16. Nxf8 Nxf8 17. Bg5 $32) 11... dxe5 12. dxe5 Qxd1 13. Rxd1 Nd5
14. Bb5+ (14. Nxd5 Bxd5 15. cxb4 axb4 16. a5 $14 ) 14... c6 15. Bf1
(15. Nxd5 exd5 16. Bd3) 15... Nd7 16. Nc4 O-O 17. Nd6 (17. cxb4 axb4 18. a5 Ba6 19. Bg5 Bxc4 20. Bxc4 Nxe5 21.
Nxe5 Bxe5 22. Rd2 $44 ) 17... bxc3 18. bxc3 Ba6 19. Bxa6
Rxa6 20. Nc4 Rb8 21. Bd2 Nc5 22. Rdb1 Rxb1+ 23. Rxb1 Ra8 24. g3 Bf8 (24... Nxa4
$15 ) 25. Nd4 Nxa4 26. Ra1 Ndb6 (26... Naxc3 27. Rxa5
Rxa5 28. Nxa5 c5) 27. Nb3 $6 Nxc4 28. Rxa4 Nxe5 29. Kg2 Rb8 30. Nxa5 Ra8 $1 31. c4 Bc5 32. Bc3 Nd3 33. Ra1 Nxf2 34. Nxc6 Rxa1 35. Bxa1 Ng4 36.
Ne5 Nxe5 37. Bxe5 f5 38. Kf3 Kf7 39. h4 Ke7 40. g4 Bd6 41. Bc3 h5 42. gxh5 gxh5
43. Be1 e5 44. Ke3 Kd7 45. Bc3 Ke6 46. Be1 Be7 47. Kf3 Bf6 48. Ke3 Kd6 49. Kd3
Bd8 50. Bb4+ Ke6 51. Be1 Bb6 52. Ke2 f4 0-1

[Event "Metz op 31th"]
[Site "Metz"]
[Date "2013.04.21"]
[Round "3"]
[White "Bedouin, Xavier"]
[Black "Jankovic, Alojzije"]
[Result "0-1"]
[ECO "B06"]
[WhiteElo "2387"]
[BlackElo "2537"]
[Annotator "Metz Alekhine/Primel,D"]
[PlyCount "77"]
[EventDate "2013.04.20"]
[EventType "swiss"]
[EventRounds "9"]
[EventCountry "FRA"]
[SourceTitle "EXT 2016"]
[Source "ChessBase"]
[SourceDate "2015.10.08"]
[SourceVersion "1"]
[SourceVersionDate "2015.10.08"]
[SourceQuality "1"]
[TimeControl "40/5400:1800+30"]
[WhiteClock "1:30:00"]
[BlackClock "1:30:00"]

1. e4 c5 2. c3 d5 (2... Nf6) 3. exd5 Qxd5 4. d4 g6 {Une variante un peu
risquée mais qui permet de jouer pour le gain pour les Noirs} 5. Nf3 (5. dxc5
$5 {Une ligne crittique car les Noirs doivent souvent sacrifier mais les Noirs
semblent OK et elle a peu-à-peu été abandonnée depuis la fin des années
2000} Qxc5 6. Be3 Qc7 (6... Qa5 7. Bc4 Bg7 8. Nf3 Nh6 9. O-O O-O $11) 7. Bxa7
Rxa7 8. Qd4 Ra5 (8... Nf6 9. Qxa7 Nc6) (8... Nc6 9. Qxh8
Nf6 $44) 9. Qxh8 Nf6 {Rause,O (2222)-Illijin,N (2293) Abu Dhabi op 13th 2003 
(5) 0-1}) 5... Bg7 6. Na3 cxd4 7. Bc4 (7. Nb5 Na6 8. Nbxd4
Nf6 9. Bb5+ Bd7 10. Qe2 Bxb5 11. Qxb5+ Qxb5 12. Nxb5 O-O 13. Be3 b6 14. Rd1 e6
15. O-O Nd5 16. Bd4 Nc5 17. g3 Bxd4 18. Rxd4 a6 19. Na3 b5 20. Rfd1 Rab8 21. c4
bxc4 22. Nxc4 a5 23. Nfe5 a4 24. R1d2 Rb7 25. h4 h5 26. Rc2 Nb4 27. Re2 Nxa2
28. Nd6 Rb4 29. Red2 Kg7 30. Rxb4 Nxb4 31. Rd4 Nba6 32. Ne4 Rb8 33. Nxc5 Nxc5
34. Rc4 Rb5 35. Nc6 Nd3 36. Rxa4 Rxb2 {Mamedyarov,S (2757)-Giri,A (2734)
Beijing 2013 0-1}) 7... Qe4+ {La grande ligne} (7... Qd8 {L'alternative jouée
à la même ronde} 8. Qb3 {Crut,A (2367)-Degraeve,J (2567) Op 31th Metz 2013 
(3.14) 0-1}) 8. Be3 Nh6 9. cxd4 O-O 10. O-O Nf5 (10... Bg4 $132) 11. Re1 (11.
Qb3 Nd6 12. Bd3 Qg4 13. h3 Qh5) 11... Nxe3 12. Rxe3 Qf4 13. Ne5 Nc6 (13... Bxe5
14. dxe5 Nc6 $132 {Longson,A (2274)-Rausis,I (2514) London e2e4 Diamond
Jubilee op 2012 (4) 1/2}) 14. Nxf7 $5 {Un peu douteux mais les Blancs tentent
d'exploiter la position un peu exposée de la Qf4 et le retard de
développement de l'aile-dame des Noirs} e6 15. Rf3 $146 (15. d5 Qxf7 16. Rf3
Qe7 17. dxc6 Bxb2 18. Rb1 Bf6 19. cxb7 Bxb7 20. Re3 Kh8 21. Rxe6 Qxa3 22. Rxb7
Rad8 23. Qc2 Qc5 24. Ra6 Rfe8 25. g3 Re1+ 26. Kg2 Re7 27. Rxe7 Qxe7 28. Re6
Qb7+ 29. Qe4 Qxe4+ 30. Rxe4 Kg7 31. Re2 g5 32. Bb3 {1/2-1/2 (32) Patil,P (2097)
-Shashikant,K (2287) Aurangabad 2011}) 15... Qxd4 16. Ng5 Qxd1+ 17. Rxd1 Rxf3
18. Nxf3 a6 19. Bd3 (19. Ng5 $5 Bxb2 20. Nxe6 b5 21. Bb3 Bxe6 22. Bxe6+ Kf8 23.
Nc2 Rd8 $11) 19... b5 20. Be4 Bb7 21. Rd7 $36 Rb8 22. b3 Ba8 23.
Nc2 (23. Ng5 $5 Nd8 (23... Nd4) 24. Ra7 $1) 23... Ne5 $5 24. Rxg7+ $5 {Un coup
candidat naturel mais pas forcément bon car dans la finale R contre deux N,
la R aura beaucoup d'espace} Kxg7 25. Bxa8 Rxa8 26. Nxe5 Rc8 27. Ne1 (27. Ne3
$143 Rc1+ 28. Nf1 Rc2 $15) 27... Rc1 28. Kf1 Ra1 (28... a5 ) 29.
b4 Kf6 (29... Rxa2) 30. Ng4+ Ke7 31. Ne3 Kd6 {[%csl Ga1,Gd6,Re1,Rf1][%cal
Gd6e5,Ge5d4] La finale est un peu meilleure pour les Noirs} 32. Ke2 Rxa2+ 33.
N1c2 {les N sont liés mais ils manquent d'activité et les Noirs ont
l'initiative} a5 $1 34. bxa5 Kc5 35. Kd3 b4 36.
Nc4 b3 37. N2a3 $2 {[%csl Ra3] Le Na3 est très mal placé} (37. Nd4 $1 b2 38.
Nb3+ Kb4 39. Nbd2 ) 37... Kb4 $36 38. a6 Rxf2 39. Nb5 $4 (39. a7
Rf8) (39. Nb1 $8 Ra2 40. Nca3 Rf2 41. Nc4 Rf8 $17) 0-1

[Event "Metz op 31th"]
[Site "Metz"]
[Date "2013.04.21"]
[Round "3"]
[White "Crut, Aurelien"]
[Black "Degraeve, Jean Marc"]
[Result "0-1"]
[ECO "B06"]
[WhiteElo "2367"]
[BlackElo "2567"]
[Annotator "Metz Alekhine/Primel,D"]
[PlyCount "63"]
[EventDate "2013.04.20"]
[EventType "swiss"]
[EventRounds "9"]
[EventCountry "FRA"]
[SourceTitle "EXT 2016"]
[Source "ChessBase"]
[SourceDate "2015.10.08"]
[SourceVersion "1"]
[SourceVersionDate "2015.10.08"]
[SourceQuality "1"]
[TimeControl "40/5400:1800+30"]
[WhiteClock "1:30:00"]
[BlackClock "1:30:00"]

1. e4 c5 2. Nf3 g6 3. c3 d5 4. exd5 Qxd5 {Cette variante g6 était également
utilisée à la même ronde à la table 6} 5. d4 Bg7 6. Na3 cxd4 7. Bc4 (7. Nb5
Na6 8. Nbxd4 Nf6 9. Bb5+ Bd7 10. Qe2 Bxb5 11. Qxb5+ Qxb5 12. Nxb5 O-O 13. Be3
b6 14. Rd1 e6 15. O-O Nd5 16. Bd4 Nc5 17. g3 Bxd4 18. Rxd4 a6 19. Na3 b5 20.
Rfd1 Rab8 21. c4 bxc4 22. Nxc4 a5 23. Nfe5 a4 24. R1d2 Rb7 25. h4 h5 26. Rc2
Nb4 27. Re2 Nxa2 28. Nd6 Rb4 29. Red2 Kg7 30. Rxb4 Nxb4 31. Rd4 Nba6 32. Ne4
Rb8 33. Nxc5 Nxc5 34. Rc4 Rb5 35. Nc6 Nd3 36. Rxa4 Rxb2 {Mamedyarov,S (2757)
-Giri,A (2734) Beijing 2013 0-1}) 7... Qd8 $5 {Evite les complications de la
variante Qe4 mais au risque d'un retard de développement} (7... Qe4+ {Bedouin,
X (2387)-Jankovic,A (2537) Op 31th Metz 2013 (3.6) 0-1}) 8. Qb3 {[%csl Rf7]
Forçant un affaiblissement} e6 9. cxd4 Ne7 10. Bf4 $146 (10. O-O O-O 11. Bg5 Nbc6 12. Rad1 h6 13. d5 exd5 14. Bxd5 Qb6 15. Be3
Qxb3 16. Bxb3 Bg4 17. Nc4 Be6 18. Nd4 Nxd4 19. Bxd4 Bxd4 20. Rxd4 Rfd8 21. Rfd1
Rxd4 22. Rxd4 Rc8 23. Nd6 Rc7 24. Kf1 Bxb3 25. axb3 a6 26. Ne4 Kg7 27. Rc4 Rd7
28. Nc5 Rd1+ 29. Ke2 Rb1 30. Nd3 Nc6 31. Ke3 Kf6 32. f4 h5 33. Rc1 Rxc1 34.
Nxc1 Ke6 35. Ne2 Kd5 36. Kd3 Nb4+ 37. Kc3 a5 38. Nd4 Ke4 39. Nb5 Kd5 {Gankin,S
(2276)-Iskusnyh,S (2467) Tomsk 2008 1/2-1/2}) 10... a6 11. O-O $32 Nbc6 12. Rfd1 O-O (12... Na5 $5 {Gagne la paire de B} 13. Qc2 Nxc4 14.
Qxc4 O-O $132) 13. Be5 $5 b5 14. Be2 Nxe5 15. dxe5 Nd5 16. Nc2 Qe7 $1 (16...
Bb7 17. a4 $1 ) 17. Bd3 Bb7 18. Be4 Bh6 $1 19. Nb4
$1 {Une mauvaise surprise pour les Noirs} Nxb4 20. Bxb7 Qxb7 21. Qxb4 Rfc8 22. a4 $1 Rc4 23. Qb3 Rac8 24. axb5 Qxb5 25. Qxb5
axb5 26. g3 Rb4 27. Rab1 Bf8 28. Rd4 Rbc4 29. Rbd1 h6 30. Kg2 Rc2 31. Nh4 R2c5
32. Nf3 {Suite illisible et gain Noir au 63ème coup} 0-1

[Event "Metz op 31th"]
[Site "Metz"]
[Date "2013.04.24"]
[Round "4"]
[White "Riff, Jean Noel"]
[Black "Manolache, Marius"]
[Result "0-1"]
[ECO "B06"]
[WhiteElo "2467"]
[BlackElo "2501"]
[Annotator "Metz Alekhine/Primel,D"]
[PlyCount "59"]
[EventDate "2013.04.20"]
[EventType "swiss"]
[EventRounds "9"]
[EventCountry "FRA"]
[SourceTitle "EXT 2016"]
[Source "ChessBase"]
[SourceDate "2015.10.08"]
[SourceVersion "1"]
[SourceVersionDate "2015.10.08"]
[SourceQuality "1"]
[TimeControl "40/5400:1800+30"]
[WhiteClock "1:30:00"]
[BlackClock "1:30:00"]

1. e4 g6 2. d4 Bg7 3. Nc3 d6 4. Be3 c6 5. Qd2 Na6 {Très peu joué mais le
roumain avait déjà utilisé cette variante} (5... b5 {La grande ligne} 6. Bd3
Nd7) (5... Nd7 6. h4 Ngf6 7. f3 b5 8. g4 Nb6 9. h5 Rg8 10. Nh3 b4 11. Nd1 a5
12. a3 bxa3 13. Rxa3 Ba6 14. Bxa6 Rxa6 15. Qe2 Ra8 16. c4 Nfd7 17. Nc3 e6 18.
Kf2 gxh5 19. g5 Qe7 20. Nf4 h6 21. Nxh5 hxg5 22. Nxg7+ Rxg7 23. Rh8+ Nf8 24.
Rb3 Nbd7 25. Rb7 g4 26. fxg4 Rh7 27. Rxh7 Nxh7 28. Qf3 Qh4+ 29. Qg3 Qxg3+ 30.
Kxg3 a4 31. Bc1 Nhf8 32. Rb4 c5 33. dxc5 Nxc5 34. Nb5 Kd7 35. Be3 {Caruana,F 
(2757)-Kramnik,V (2810) Zuerich 2013 1/2-1/2}) 6. h3 (6. f3 h5 7. g3 Rb8 8. Nh3
b5 9. Nf2 Nf6 10. Bg2 Nd7 11. f4 Nb6 12. b3 Nc7 13. Ne2 d5 14. O-O h4 15. g4 h3
16. Bf3 dxe4 17. Nxe4 Nbd5 18. c4 bxc4 19. bxc4 Rb2 20. Qxb2 Nxe3 21. Qb8 Nxf1
22. Rxf1 Ne6 23. Rd1 O-O 24. d5 {1/2-1/2 (24) Caruso,A (2247)-Simoli,S (2280)
Monselice 2003}) 6... Nc7 7. Nf3 b5 8. Bd3 (8. O-O-O b4 {Mertens,F (2038)
-Matthey,H (2235) Sachsen Anhalt-ch 22nd 2012 (3.4) 0-1}) 8... Nf6 9. a4 b4 10.
Ne2 Rb8 (10... a5 $5 ) 11. Ng3 O-O 12. O-O Bd7 13. Nh2 $6 {
Le plan f2f4 est naturel mais le Nh2 va rester bloqué sur cette case "h2"
pendant trop longtemps} (13. c3) 13... Ne6 14. f4 c5 15. d5 Nd4 $132 16. f5 Qc8 $1 17. b3 Kh8 18. Rf2 gxf5
19. Raf1 fxe4 20. Bxe4 Nxe4 21. Nxe4 f5 $1 22. Ng5 (22. Bh6 $5 fxe4 23. Bxg7+
Kxg7 24. Qg5+ Kh8 25. Rxf8+ Qxf8 26. Rxf8+ Rxf8 27. Ng4 (27. Qxe7 Ne2+ 28. Kh1
Ng3+ 29. Kg1 Ne2+) 27... Rf7 28. Kh2 $13) 22... Qe8 23. Rf4 Qg6 24. Rh4 h6 25.
Ngf3 f4 $1 26. Bxf4 Qxc2 27. Qxc2 Nxc2 $17 28. Bxh6 Bxh6 29. Rxh6+ Kg7 {
Les pièces Noires sont mieux coordonnées et le P passé "h" sera difficile
à valoriser} 30. Rh5 {suite illisible et gain noir au 48ème coup} 0-1

[Event "Cappelle op 32nd"]
[Site "Cappelle la Grande"]
[Date "2016.02.16"]
[Round "5"]
[White "Bauer, Christian"]
[Black "Burmakin, Vladimir"]
[Result "1-0"]
[ECO "B06"]
[WhiteElo "2631"]
[BlackElo "2556"]
[Annotator "Primel,D"]
[PlyCount "85"]
[EventDate "2016.02.13"]
[EventType "swiss"]
[EventRounds "9"]
[EventCountry "FRA"]
[SourceTitle "EXT 2017"]
[Source "ChessBase"]
[SourceDate "2016.10.25"]
[SourceVersion "1"]
[SourceVersionDate "2016.10.25"]
[SourceQuality "1"]
[TimeControl "40/5400+30:1800+30"]
[WhiteClock "1:30:00"]
[BlackClock "1:30:00"]

1. e4 c6 2. Ne2 g6 3. d4 Bg7 4. Nbc3 d6 5. Be3 (5. g3 b5 6. Bg2 Bb7 7. O-O a6
8. a4 b4 9. Na2 a5 10. c3 bxc3 11. Naxc3 Nd7 12. f4 Ngf6 13. e5 Nd5 14. exd6 e6
15. f5 gxf5 16. Nf4 Nxf4 17. Bxf4 Qb6 18. Be3 Nf6 19. Kh1 O-O 20. Ra3 Ba6 21.
Re1 Nd5 22. Rb3 Qa7 23. Nxd5 cxd5 24. g4 f4 25. Bxf4 Qxd4 26. Qxd4 Bxd4 27. Bg5
Bc4 28. Rb7 Rfb8 29. Rxb8+ Rxb8 30. d7 f6 31. Rxe6 Kf7 32. Rc6 Rd8 33. Bd2 Rxd7
34. Bxa5 Bxb2 {Di Nicolantonio,L (2414)-Burmakin,V (2585) Lille 2015 1/2-1/2 
(67)}) 5... Qb6 6. Rb1 Nd7 7. f4 $146 (7. g3 Ngf6 8. h3 Qc7 9. Bg2 O-O 10. O-O
e5 11. Qd2 Re8 12. Rbd1 b5 13. dxe5 dxe5 14. Qd6 Qxd6 15. Rxd6 Bb7 16. Rfd1 Nb6
17. Bg5 Nh5 18. g4 Nf4 19. Nxf4 exf4 20. R1d3 b4 21. Nd1 Be5 22. Rd8 f6 23.
Rxa8 Rxa8 24. Bh6 Ba6 25. Rd2 g5 26. h4 Kf7 27. h5 Rc8 28. b3 Rc7 29. Bf1 Bxf1
30. Kxf1 Rd7 31. Rxd7+ Nxd7 32. f3 Bd4 {0-1 (32) Stahl,C (1960)-Monsieux,C 
(2213) Calvi 2005}) 7... Ngf6 8. Qd2 Qc7 9. e5 Nd5 10. Nxd5 cxd5 11. Nc3 Nb6
12. Bd3 O-O 13. b3 f6 14. exd6 Qxd6 15. O-O f5 16. Kh1 Be6 17. Bf2 a6 18. Rfe1
Bf6 19. a4 Bf7 20. a5 Nc8 21. Re5 $1 Qd8 (21... Bxe5 {L'acceptation du
sacrifice parait trop dangereuse pour les Noirs} 22. fxe5 Qb4 23. Be3 e6 24.
Na4 $1 Qxd2 25. Bxd2 Ne7 26. Nb6 Rad8 27. Bg5 $44) 22. Rxd5 Bxd5 23. Nxd5 e6
24. Nxf6+ Qxf6 25. d5 $1 exd5 26. Be2 Ne7 27. c4 d4 28. Bf3 Nc6 $132 29. Bd5+
Kg7 30. b4 Rad8 {Terminant enfin le développement mais les Blancs gardent une
forte attaque} (30... Rfd8) 31. b5 $1 axb5 32. Rxb5 Kh6 33. Rxb7 Rb8 34. a6
Rxb7 35. axb7 Rb8 36. Qb2 Qd6 37. h3 d3 38. Kh2 d2 39. Qxd2 Rxb7 40. Bh4 Rb3
41. Bg5+ Kg7 42. Qe1 h6 43. Qe8 1-0

[Event "World U16-ch10"]
[Site "Champigny sur Marne"]
[Date "1984.04.??"]
[Round "11"]
[White "Rachels, Stuart"]
[Black "Ivanchuk, Vassily"]
[Result "0-1"]
[ECO "B06"]
[WhiteElo "2388"]
[BlackElo "2390"]
[Annotator "Primel,D"]
[PlyCount "92"]
[EventDate "1984.04.01"]
[EventType "swiss"]
[EventRounds "11"]
[EventCountry "FRA"]
[SourceTitle "EXT 2015"]
[Source "ChessBase"]
[SourceDate "2014.11.20"]
[SourceVersion "1"]
[SourceVersionDate "2014.11.20"]
[SourceQuality "1"]
[TimeControl "40/9000:16/5400:0"]

1. e4 {L'américain s'est effondré en fin de tournoi. Il était encore en
course pour le titre mais il a perdu la veille contre PIKET.} d6 2. d4 g6 3.
Nc3 Bg7 4. Nf3 Bg4 (4... Nf6 {La grande ligne}) 5. Be3 (5. Be2) (5. Bc4) 5...
Nc6 6. Bb5 a6 7. Bxc6+ bxc6 8. h3 Bd7 $1 (8...
Bxf3 $143 9. Qxf3 $32 Qd7 10. e5 Nh6 11. O-O-O O-O 12. Rhe1 Kh8 13. Bf4 Rab8
14. g4 Rb4 15. Kb1 a5 16. Bg5 Ng8 17. a3 Rb6 18. h4 f5 19. gxf5 Qxf5 20. Qxf5
Rxf5 21. Bxe7 Nxe7 22. exd6 Ng8 23. dxc7 Rf8 24. Re6 Rc8 25. Nd5 Ra6 26. Rd3 a4
27. Rc3 Ra5 {1/2-1/2 (27) Tal,M (2645)-Hort,V (2600) Moscow 1975}) 9. O-O $146
(9. Qd2 Qb8 (9... Nf6 10. O-O) 10. Rb1 Nf6 11. Bh6 O-O 12. O-O Qb7 13. Rfe1
Rae8 14. e5 Nd5 15. Ne2 f6 16. Bxg7 Kxg7 17. c4 Nb6 18. b3 fxe5 19. dxe5 Rxf3
20. gxf3 Bxh3 21. Rbd1 Qc8 22. Qc3 Kg8 23. Nf4 Qf5 24. Nxh3 Qxh3 25. exd6 cxd6
26. Rxd6 Nd7 27. Rde6 Kf7 28. Qe3 Nf8 29. Rxe7+ Rxe7 30. Qxe7+ Kg8 31. Qf6 {
1-0 (31) Stean,M (2485)-Kotov,A (2500) London 1977}) 9... e6 (9... Rb8 {
Plus naturel et la poussée e6 est un peu passive} 10. Rb1) 10. e5 f5 11. Bf4 (
11. Bg5 $1 Ne7 12. Qd2 $14 ) 11... Qb8 12. Na4 c5 13. c3 cxd4 (
13... Ne7 14. Rb1 O-O 15. b4 cxb4 16. cxb4) 14. cxd4 Ne7 15. exd6 cxd6 16. Nc5
$1 Nd5 17. Bh2 (17. Nxd7 $142 $5 Kxd7 18. Bc1 {Le Bc1 est assez mal placé
mais il a davantage de perspectives que le Bh2 joué dans la partie}) 17... f4
$1 18. Nxd7 Kxd7 $13 19. Re1 Re8 20. Qd3 Bh6 $1 $17 {
[%csl Rh2] Les Blancs jouent avec une pièce enfermée} 21. Re2 Qb5 22. Qe4 Nf6
23. Qc2 Rac8 $1 {Les Noirs ont terminé le développement et l'activité des
pièces Noires empêchent les Blancs d'attaquer le K Noir} 24. Qd2 Nd5 25. Rae1
Re7 26. h4 Qc4 27. a3 Qb3 $36 28. Rc1 $6 {Après l'échange des
R, le problème du Bh2 sera encore plus crucial} Ree8 29. Ree1 Rxc1 $1 30. Rxc1
Rc8 31. Rxc8 Kxc8 32. Ne1 Kd7 33. Qc2 $2 {[%csl Rh2] Un suicide
positionnel car les Blancs jouent de fait, avec une pièce en moins} Qxc2 34.
Nxc2 Ne7 35. Nb4 a5 36. Nd3 {[%cal Gd3f4] Les Blancs pensaient avoir fait le
plus dur en attaquant le P"f4"} f3 $1 37. g4 (37. gxf3 $6 ) 37... Bg7 38. b4 a4 39. Ne1 Bxd4 $19 40. Nc2
Bb2 41. Bf4 {Le B a enfin réussi à s'activer mais trop tard} Nd5 42. Bd2 Nc7 43. b5 {Il n'y avait pas d'ajournement dans cette
dernière ronde et les Blancs vont continuer à jouer quelques coups
supplémentaires.} Nxb5 44. Bb4 d5 45. Kf1 e5 46. Ke1 d4 {
[%emt 0:00:11] Biulletin CCC of the USSR 1984, No.15, p 11} 0-1